 Dungeon Crawl Stone Soup version 0.29-a0-322-g68df515428 (webtiles) character file.

Game seed: 5890612383124017190

52 GigaChad the Insei (level 4, 0/32 HPs)
             Began as a Djinni Transmuter on Apr 6, 2022.
             Was a Believer of Cheibriados.
             Slain by a hobgoblin (3 damage)
             ... led by Robin
             ... on level 2 of the Dungeon.
             The game lasted 00:06:12 (1309 turns).

GigaChad the Insei (Djinni Transmuter)              Turns: 1309, Time: 00:06:15

Health: 0/32       AC:  2    Str: 14    XL:     4   Next: 8%
Gold:   123        EV: 13    Int: 20    God:    Cheibriados [**....] SH:  0 Dex: 20

rFire   + + .      SeeInvis .   f - +0 short sword
rCold   x . .      Faith    .   (no shield)
rNeg    . . .      Spirit   .   a - +0 robe
rPois   ∞          Reflect  .   (no helmet)
rElec   .          Harm     .   (no cloak)
rCorr   .          Rampage  .   (no gloves)
Will    .....                   (boots unavailable)
Stlth   ++........              (no amulet)
HPRegen 0.10/turn               (no ring)
MPRegen 0.00/turn               (no ring)

@: wereblooded, flying, very slow
A: sickness immunity, fire resistance 2, cold vulnerability 1, float, innate
caster, HP casting, extra vitality 1
a: Renounce Religion, Bend Time


You were on level 2 of the Dungeon.
You worshipped Cheibriados.
Cheibriados was pleased with you.
You visited 1 branch of the dungeon, and saw 2 of its levels.

You collected 123 gold pieces.

Inventory:

Hand Weapons
 f - a +0 short sword (weapon)
Armour
 a - a +0 robe (worn)
Scrolls
 c - a scroll of noise
 h - a scroll of identify
 i - a scroll of summoning {unknown}
Potions
 b - a potion of lignification
 d - 2 potions of haste {unknown}
 e - 2 potions of flight {unknown}
 g - a potion of brilliance {unknown}
 j - a potion of curing {unknown}


   Skills:
 + Level 1.1 Fighting
 + Level 1.1 Short Blades
 + Level 2.6 Dodging
 + Level 0.3 Stealth
 + Level 3.7 Unarmed Combat
 + Level 1.8 Spellcasting


You couldn't memorise any spells.
You knew the following spells:

 Your Spells              Type           Power      Damage    Failure   Level
a - Beastly Appendage     Tmut           18%        N/A       8%          1
b - Wereblood             Tmut           9%         N/A       11%         2
c - Spider Form           Tmut/Pois      9%         N/A       22%         3
d - Ice Form              Ice/Tmut       9%         N/A       58%         4
e - Apportation           Tloc           18%        N/A       8%          1
Your spell library was empty.

Dungeon Overview and Level Annotations

Branches:
Dungeon (2/15)

Altars:
Cheibriados

Annotations:
D:1 2 transporters
D:2 Robin


Innate Abilities, Weirdness & Mutations

You are immune to sickness and miasma.
You are immune to poison.
Your flesh is very heat resistant. (rF++)
You are vulnerable to cold. (rC-)
You float through the air rather than walking.
You learn spells naturally, not from books.
Your magical power is your life essence.
You have superior vitality. (+4 MHP)


Message History

The goblin barely misses you. The goblin closely misses you.
The goblin moves out of view.
You puncture the goblin!
You feel a bit better.
You kill the goblin!
Cheibriados appreciates the change of pace.
Robin throws the goblin at you! The goblin hits you but does no damage.
The goblin barely misses you. The goblin completely misses you.
A goblin comes into view. It is wielding a +0 club.
The goblin misses you.
You puncture the goblin!
You feel a bit better.
You kill the goblin!
Cheibriados appreciates the change of pace.
Robin throws the goblin at you! The goblin hits you with a +0 dagger.
* * * LOW HITPOINT WARNING * * *
The goblin barely misses you. The goblin misses you.
The goblin hits you with a +0 dagger.
* * * LOW HITPOINT WARNING * * *
You hit the goblin.
The goblin is almost dead.
Robin roars a battlecry!
The goblins go into a battle-frenzy!
The goblin closely misses you. The goblin hits you with a +0 dagger.
* * * LOW HITPOINT WARNING * * *
The goblin barely misses you. x2
Casting: Wereblood (safe; 12% risk of failure)
Confirm with . or Enter, or press ? or * to list all spells.
You don't have enough health to cast this spell.
You hit the goblin.
You feel a bit better.
You kill the goblin!
Cheibriados appreciates the change of pace.
The goblin closely misses you. The goblin hits you with a +0 dagger.
* * * LOW HITPOINT WARNING * * *
A giant cockroach comes into view.
You puncture the goblin!
You feel a bit better.
You kill the goblin!
Cheibriados thoroughly appreciates the change of pace.
Cheibriados raises the support of your attributes as your movement slows.
You hear a shout!
The hobgoblin hits you.
You die...

........#.#.#
#..............#.
........#...#
#.####...#...#...
............# #.#
#...##.##÷..
#######.#.#.#####.#
#...######.#
###.#.........# #...# #.#
#####.#.#.#.#.#.... .>..#
#.# ............#.#.#
###... #..
........#....).g## #.###
###
.#............))@######.#
#
##.....######.#gg.......
# #....## ...#g.g#.##. #
###..# #.#####g... ....#
#. ....# ###### # B##.# .
... # #.


You could see Robin, a giant cockroach, a hobgoblin (strong) and 4 goblins.

Vanquished Creatures
  2 adders (D:2)
  A dart slug (D:2)
  3 endoplasms (D:1)
  2 giant cockroaches
  9 goblins
  A quokka (D:1)
  4 bats
  A frilled lizard (D:1)
  6 kobolds
  5 rats
34 creatures vanquished.

Vanquished Creatures (others)
  A withered plant (D:1)
1 creature vanquished.

Grand Total: 35 creatures vanquished

Notes
Turn   | Place    | Note
-------+----------+-------------------------------------------
     0 | D:1      | GigaChad the Djinni Transmuter began the quest for the Orb.
     0 | D:1      | Reached XP level 1. HP: 17/17 MP: 0/0
   128 | D:1      | Found a faded altar of an unknown god.
   141 | D:1      | Prayed at the altar of an unknown god.
   141 | D:1      | Became a worshipper of Cheibriados the Contemplative
   141 | D:1      | Reached * piety under Cheibriados
   204 | D:1      | Reached XP level 2. HP: 18/22 MP: 0/0
   865 | D:2      | Reached XP level 3. HP: 17/27 MP: 0/0
   865 | D:2      | Learned a level 1 spell: Apportation
  1176 | D:2      | Reached ** piety under Cheibriados
  1298 | D:2      | Noticed Robin
  1303 | D:2      | Reached skill level 1 in Short Blades
  1303 | D:2      | Reached XP level 4. HP: 22/32 MP: 0/0
  1307 | D:2      | HP: 1/32 [goblin/+0 dagger[Robin] (6)]
  1309 | D:2      | Slain by a hobgoblin

Illustrated notes

Levels and vault maps discovered:
D:1:      spicycebolla_arrival_teleporter_tutorial, layout_basic,
          shapermc_ecumenical_altar_flowoftime
D:2:      layout_loops_cross, st_stairs_2, uniq_robin, uniq_sigmund,
          uniq_natasha, uniq_terence

Skill      XL: |  1  2  3 |
---------------+----------+-----
Short Blades   | 1 |  1.1
Fighting       | |  1.1
Dodging        | |  2.6
Stealth        | |  0.3
Unarmed Combat | |  3.7
Spellcasting   | |  1.8

Action                   |  1- 3 |  4- 6 || total
-------------------------+-------+-------++-------
Melee: Unarmed           |    17 |       ||    17
       Short sword       |    91 |     5 ||    96
       Punch             |     2 |       ||     2
 Cast: Wereblood         |     2 |       ||     2
  Use: Scroll            |     2 |       ||     2
 Stab: Sleeping          |     2 |       ||     2
Armor: Robe              |    37 |     2 ||    39
Dodge: Dodged            |   107 |    15 ||   122

Table legend: (Time is in decaauts)
 A = Elapsed time spent in this place.
 B = Non-inter-level travel time spent in this place.
 C = Inter-level travel time spent in this place.
 D = Time resting spent in this place.
 E = Time spent auto-exploring this place.
 F = Levels seen in this place.
 G = Mean time per level.
                   A        B        C        D        E       F      G
               +--------+--------+--------+--------+--------+-----+--------+
         Total |   1626 |   1626 |      0 |      0 |    676 |   2 |  813.0 |
       Dungeon |   1626 |   1626 |      0 |      0 |    676 |   2 |  813.0 |
               +--------+--------+--------+--------+--------+-----+--------+

Top non-repeatable levels by time:
     D:1: 995 daAuts
     D:2: 631 daAuts
